AoeStats
← thenoobmaster-69

Fortress

509971065Analyzed
3v3 RM · 4d ago on Sep 28, 2026· 43m 32s· 6 players
Game mode
Random Map
Map size
Large (8 player)
Population
200
Speed
Normal
Resources
Standard
Victory
Conquest
Starting age
Dark Age
Ending age
Imperial Age
RankedLock teamsTeams togetherTeam positionsShared explorationLock speedFull tech treeHidden civsTurbo modeCheats
Victory
Defeat
🇧🇴 Dravidians · Bolivia
932
+14
🇧🇷 Celts · Brazil
904
+16
🇧🇴 Burgundians · Bolivia
900
+16
🇦🇷 Franks · Argentina
936
-17
🇺🇸 Mongols · United States
896
-15
🇪🇸 Bohemians · Spain
855
-14
dj_gore
3:22 Loom
8:19 Feudal Age
8:47 Double-Bit Axe
8:52 Horse Collar
16:25 Castle Age
14:58 Gold Mining
15:01 Stone Mining
16:07 Padded Archer Armor
15:58 Fletching
16:22 Forging
16:18 Scale Barding Armor
16:15 Scale Mail Armor
17:54 Bow Saw
18:12 Heavy Plow
18:59 Gold Shaft Mining
20:21 Leather Archer Armor
20:02 Bodkin Arrow
22:31 Thumb Ring
24:28 Town Watch
25:59 Stone Shaft Mining
27:52 Ballistics
27:28 Murder Holes
32:23 Imperial Age
33:48 Parthian Tactics
33:51 Heavy Cavalry Archer
35:43 Town Patrol
36:19 Wheelbarrow
38:41 Conscription
41:30 Bracer
44:39 Chemistry
43:52 Masonry
43:48 Siege Engineers
44:10 Fortified Wall
Mescalito
0:33 Loom
8:15 Feudal Age
13:07 Castle Age
12:09 Double-Bit Axe
12:23 Horse Collar
13:36 Scale Mail Armor
13:47 Forging
14:05 Squires
14:34 Heavy Plow
16:15 Bow Saw
15:33 Pikeman
16:13 Arson
17:38 Wheelbarrow
17:16 Man-at-Arms
22:07 Chain Mail Armor
24:40 Hand Cart
26:40 Iron Casting
28:49 Wagenburg Tactics
29:56 Long Swordsman
31:56 Scale Barding Armor
32:40 Husbandry
33:45 Chain Barding Armor
40:33 Imperial Age
40:50 Cavalier
42:10 Town Watch
42:28 Caravan
jhonzx11
T⌂ÖN
7:20 Feudal Age
8:01 Horse Collar
8:09 Double-Bit Axe
11:35 Wheelbarrow
16:01 Castle Age
16:53 Forging
17:53 Bow Saw
17:45 Heavy Plow
17:50 Scale Mail Armor
18:58 Hand Cart
19:38 Loom
20:03 Gold Mining
20:03 Stone Mining
22:49 Coinage
24:40 Fortified Wall
24:41 Masonry
24:43 Caravan
26:27 Chain Mail Armor
26:48 Iron Casting
26:20 Scale Barding Armor
26:44 Ballistics
26:38 Town Watch
30:52 Imperial Age
28:23 Town Patrol
29:01 Medical Corps
29:49 Padded Archer Armor
30:10 Chain Barding Armor
30:06 Murder Holes
31:15 Elite Urumi Swordsman
32:17 Conscription
32:28 Wootz Steel
33:19 Chemistry
33:15 Squires
33:01 Arson
32:37 Pikeman
33:03 Gambesons
33:53 Plate Mail Armor
34:24 Blast Furnace
34:34 Two-Man Saw
33:19 Siege Elephant
33:36 Man-at-Arms
34:07 Halberdier
34:09 Long Swordsman
35:21 Two-Handed Swordsman
36:21 Leather Archer Armor
35:56 Fletching
37:36 Guilds
37:56 Champion
43:52 Ring Archer Armor
43:13 Fletching
43:49 Bombard Tower
thenoobmaster-69
1:19 Loom
8:03 Feudal Age
8:41 Double-Bit Axe
8:40 Horse Collar
9:45 Wheelbarrow
17:16 Castle Age
20:08 Gold Mining
20:09 Stone Mining
23:24 Scale Mail Armor
27:02 Stronghold
29:49 Hand Cart
34:13 Imperial Age
32:29 Bow Saw
32:34 Forging
33:24 Caravan
36:29 Stone Shaft Mining
36:29 Gold Shaft Mining
36:30 Chain Mail Armor
36:51 Iron Casting
36:22 Onager
39:52 Chemistry
39:14 Ballistics
39:30 Guilds
40:36 Plate Mail Armor
41:07 Blast Furnace
40:43 Conscription
40:34 Furor Celtica
39:54 Capped Ram
40:53 Heavy Scorpion
42:33 Siege Ram
OG. Arce Catacora
1:48 Wheelbarrow
6:29 Feudal Age
5:15 Double-Bit Axe
6:47 Horse Collar
7:41 Town Watch
10:53 Bow Saw
11:07 Gold Mining
11:51 Heavy Plow
11:43 Loom
13:05 Gold Shaft Mining
16:28 Castle Age
15:18 Stone Mining
16:02 Forging
16:00 Scale Barding Armor
17:37 Cavalier
18:42 Husbandry
19:23 Iron Casting
20:21 Hand Cart
21:43 Fletching
22:24 Bodkin Arrow
36:35 Stone Shaft Mining
40:17 Ballistics
42:26 Chain Barding Armor
Connection lost

Rejoining the realm…

Still unreachable

The connection could not be restored.

Session expired

The server has moved on; the page needs a fresh start.